MID
QUAD CITIES RIVER BANDITS @ LAKE COUNTY CAPTAINS
04/07/2047
 
TOP OF THE 1ST
Quad Cities River Bandits batting - Pitching for Lake County Captains : RHP Alex Mora
Pitching: RHP Alex Mora
Batting: LHB Bruce Arvizu 0-0: Ball
1-0: Ball
2-0: SINGLE (Groundball, 34S, EV 70.0 MPH) (infield hit)
Batting: LHB Daigo Ishii 0-0: Called Strike
Bruce Arvizu is caught stealing 2nd base 2-6
0-1: Ball
1-1: Fly out, F7 (Flyball, 78S, EV 88.8 MPH)
Batting: RHB Edgar Trejo 0-0: Ground out 6-3 (Groundball, 6, EV 80.6 MPH)
Top of the 1st over - 0 runs, 1 hit, 0 errors, 0 left on base; Quad Cities 0 - Lake County 0
BOTTOM OF THE 1ST
Lake County Captains batting - Pitching for Quad Cities River Bandits : RHP Mike Wirick
Pitching: RHP Mike Wirick
Batting: LHB Kazuyoshi Nakamura 0-0: Ball
1-0: Ball
2-0: Foul Ball, location: 2F
2-1: SINGLE (Groundball, 34S, EV 70.6 MPH) (infield hit)
Batting: SHB Jarrod Lindblad 0-0: SINGLE (Groundball, 6D, EV 98.1 MPH)
Kazuyoshi Nakamura to second
Runner from 2nd tries for 3rd, SAFE, throw by CF made to third
Batting: RHB Ernest Olkowicz 0-0: Called Strike
0-1: Called Strike
Jarrod Lindblad is caught stealing 2nd base 2-4
0-2: Ball
1-2: Strikes out swinging
Batting: LHB John Shults 0-0: Ball
1-0: DOUBLE (Line Drive, 78M, EV 94.4 MPH)
Kazuyoshi Nakamura scores
Batting: RHB Joeri Plas 0-0: Ground out 6-3 (Groundball, 6, EV 105.0 MPH)
Bottom of the 1st over - 1 run, 3 hits, 0 errors, 1 left on base; Quad Cities 0 - Lake County 1
TOP OF THE 2ND
Quad Cities River Bandits batting - Pitching for Lake County Captains : RHP Alex Mora
Batting: LHB Bob Dietz 0-0: Ball
1-0: Ball
2-0: Ball
3-0: Base on Balls
Batting: RHB Steve Moore 0-0: Ball
1-0: SINGLE (Groundball, 34, EV 85.6 MPH) (infield hit)
Bob Dietz to second
Batting: RHB Evan Fry 0-0: Grounds into double play, 5-4-3 (Groundball, 56, EV 82.5 MPH)
Bob Dietz to third
Batting: RHB Kieron Clark 0-0: Called Strike
0-1: Called Strike
0-2: Ground out 6-3 (Groundball, 56, EV 81.2 MPH)
Top of the 2nd over - 0 runs, 1 hit, 0 errors, 1 left on base; Quad Cities 0 - Lake County 1
BOTTOM OF THE 2ND
Lake County Captains batting - Pitching for Quad Cities River Bandits : RHP Mike Wirick
Batting: RHB Chris Fitzgerald 0-0: Ball
1-0: SINGLE (Flyball, 7LS, EV 91.2 MPH)
Batting: RHB John Shaffer 0-0: Called Strike
0-1: Called Strike
0-2: Ball
Wild Pitch!
Chris Fitzgerald to second
1-2: DOUBLE (Flyball, 78XD, EV 111.2 MPH)
Chris Fitzgerald scores
Batting: RHB Carlos Salazar 0-0: Swinging Strike
0-1: Foul Ball, location: 2F
0-2: Ball
1-2: SINGLE (Groundball, 34D, EV 106.2 MPH)
John Shaffer to third
Runner from 3rd tries for Home, SAFE, throw by RF to home
Batting: RHB Chris Diaz 0-0: Called Strike
0-1: Ball
1-1: Called Strike
Carlos Salazar steals 2nd base
1-2: Strikes out swinging
Batting: LHB Kazuyoshi Nakamura 0-0: Ball
1-0: Swinging Strike
1-1: Foul Ball, location: 2F
1-2: Foul Ball, location: 2F
1-2: Ball
2-2: Ground out U3 (Groundball, 34S, EV 91.2 MPH)
Carlos Salazar to third
Batting: SHB Jarrod Lindblad 0-0: Ball
1-0: Foul Ball, location: 2F
1-1: Foul Ball, location: 2F
1-2: SINGLE (Flyball, 7LS, EV 86.9 MPH)
Carlos Salazar scores
Batting: RHB Ernest Olkowicz 0-0: Ball
1-0: Ball
2-0: Ball
3-0: Fielders Choice at 2nd, 6-4 (Groundball, 6, EV 89.4 MPH)
Bottom of the 2nd over - 3 runs, 4 hits, 0 errors, 1 left on base; Quad Cities 0 - Lake County 4
TOP OF THE 3RD
Quad Cities River Bandits batting - Pitching for Lake County Captains : RHP Alex Mora
Batting: RHB Yoshitoshi Mori 0-0: Foul Ball, location: 2F
0-1: Ground out 6-3 (Groundball, 6, EV 85.6 MPH)
Batting: RHB John Moore 0-0: Ball
1-0: Swinging Strike
1-1: Ball
2-1: Ball
3-1: DOUBLE (Line Drive, 5D, EV 110.0 MPH)
Batting: LHB Bruce Arvizu 0-0: DOUBLE (Line Drive, 78D, EV 114.4 MPH)
John Moore scores
Batting: LHB Daigo Ishii 0-0: Foul Ball, location: 2F
0-1: Ball
1-1: Called Strike
1-2: Ball
2-2: Ball
3-2: Foul Ball, location: 2F
3-2: Fly out, F8 (Flyball, 89M, EV 97.5 MPH)
Batting: RHB Edgar Trejo 0-0: Called Strike
0-1: SINGLE (Groundball, 6D, EV 99.4 MPH)
Bruce Arvizu to third
Batting: LHB Bob Dietz 0-0: Ball
1-0: Foul Ball, location: 2F
1-1: Called Strike
1-2: Ball
2-2: SINGLE (Line Drive, 7S, EV 100.6 MPH)
Bruce Arvizu scores
Edgar Trejo to second
Batting: RHB Steve Moore 0-0: Ball
1-0: Foul Ball, location: 2F
1-1: Foul Ball, location: 2F
1-2: Fly out, F8 (Line Drive, 89M, EV 94.4 MPH)
Top of the 3rd over - 2 runs, 4 hits, 0 errors, 2 left on base; Quad Cities 2 - Lake County 4
BOTTOM OF THE 3RD
Lake County Captains batting - Pitching for Quad Cities River Bandits : RHP Mike Wirick
Batting: LHB John Shults 0-0: Ball
1-0: Ball
2-0: Ball
3-0: Called Strike
3-1: Base on Balls
Batting: RHB Joeri Plas 0-0: Called Strike
0-1: Foul Ball, location: 2F
0-2: Fielders Choice at 2nd, 6-4 (Groundball, 6, EV 105.0 MPH)
Batting: RHB Chris Fitzgerald 0-0: Ball
1-0: SINGLE (Groundball, 6S, EV 57.5 MPH) (infield hit)
Joeri Plas to second
Batting: RHB John Shaffer 0-0: Ball
Joeri Plas is caught stealing 3rd base 2-5
1-0: Called Strike
1-1: Ball
Chris Fitzgerald is caught stealing 2nd base 2-4
Bottom of the 3rd over - 0 runs, 1 hit, 0 errors, 0 left on base; Quad Cities 2 - Lake County 4
TOP OF THE 4TH
Quad Cities River Bandits batting - Pitching for Lake County Captains : RHP Alex Mora
Batting: RHB Evan Fry 0-0: SINGLE (Line Drive, 34, EV 94.4 MPH)
Batting: RHB Kieron Clark 0-0: Foul Ball, location: 2F
0-1: Ball
Balk!
Evan Fry to second
1-1: Ground out 5-3 (Groundball, 56S, EV 64.4 MPH)
Evan Fry to third
Batting: RHB Yoshitoshi Mori 0-0: Foul Ball, location: 2F
0-1: Ball
1-1: Ball
2-1: SINGLE (Groundball, 6, EV 95.0 MPH)
Evan Fry scores
Batting: RHB John Moore 0-0: Swinging Strike
0-1: Swinging Strike
0-2: Ball
Wild Pitch!
Yoshitoshi Mori to second
1-2: Strikes out swinging
Batting: LHB Bruce Arvizu 0-0: Ball
1-0: Ball
2-0: Ball
3-0: Called Strike
3-1: Foul Ball, location: 2F
3-2: Strikes out looking
Top of the 4th over - 1 run, 2 hits, 0 errors, 1 left on base; Quad Cities 3 - Lake County 4
BOTTOM OF THE 4TH
Lake County Captains batting - Pitching for Quad Cities River Bandits : RHP Mike Wirick
Batting: RHB John Shaffer 0-0: Ground out 4-3 (Groundball, 4, EV 91.9 MPH)
Batting: RHB Carlos Salazar 0-0: Ball
1-0: Called Strike
1-1: Foul Ball, location: 2F
1-2: Ball
2-2: Foul Ball, location: 2F
2-2: Ball
3-2: SOLO HOME RUN (Line Drive, 9LD, EV 93.8 MPH), Distance : 341 ft
Batting: RHB Chris Diaz 0-0: Foul Ball, location: 2F
0-1: Fly out, F8 (Flyball, 78D, EV 90.6 MPH)
Batting: LHB Kazuyoshi Nakamura 0-0: Fly out, F8 (Flyball, 78D, EV 103.1 MPH)
Bottom of the 4th over - 1 run, 1 hit, 0 errors, 0 left on base; Quad Cities 3 - Lake County 5
TOP OF THE 5TH
Quad Cities River Bandits batting - Pitching for Lake County Captains : RHP Alex Mora
Batting: LHB Daigo Ishii 0-0: Ball
1-0: Foul Ball, location: 2F
1-1: Swinging Strike
1-2: Ball
2-2: Foul Ball, location: 2F
2-2: Foul Ball, location: 2F
2-2: Ball
3-2: Foul Ball, location: 2F
3-2: Strikes out swinging
Batting: RHB Edgar Trejo 0-0: Ball
1-0: Ball
2-0: Called Strike
2-1: Foul Ball, location: 2F
2-2: SINGLE (Flyball, 56D, EV 83.1 MPH)
Batting: LHB Bob Dietz 0-0: Called Strike
0-1: Fly out, F8 (Flyball, 8RXD, EV 87.5 MPH)
Batting: RHB Steve Moore 0-0: Ball
1-0: Ball
2-0: Ball
3-0: Called Strike
3-1: Foul Ball, location: 2F
3-2: Strikes out swinging
Top of the 5th over - 0 runs, 1 hit, 0 errors, 1 left on base; Quad Cities 3 - Lake County 5
BOTTOM OF THE 5TH
Lake County Captains batting - Pitching for Quad Cities River Bandits : RHP Mike Wirick
Batting: SHB Jarrod Lindblad 0-0: Ball
1-0: Ball
2-0: Called Strike
2-1: Ball
3-1: Base on Balls
Batting: RHB Ernest Olkowicz 0-0: Ball
1-0: Ball
2-0: Called Strike
2-1: Foul Ball, location: 2F
2-2: Fly out, F7 (Line Drive, 7S, EV 94.4 MPH)
Pitching: RHP Devin Spears
Batting: LHB John Shults 0-0: Ball
1-0: Ball
2-0: Called Strike
2-1: Ball
3-1: Called Strike
3-2: Ground out 4-3 (Groundball, 34, EV 79.4 MPH)
Jarrod Lindblad to second
Batting: RHB Joeri Plas 0-0: Swinging Strike
0-1: Ball
Wild Pitch!
Jarrod Lindblad to third
1-1: Ball
2-1: Called Strike
2-2: Foul Ball, location: 2F
2-2: Foul Ball, location: 2F
2-2: Strikes out swinging
Bottom of the 5th over - 0 runs, 0 hits, 0 errors, 1 left on base; Quad Cities 3 - Lake County 5
TOP OF THE 6TH
Quad Cities River Bandits batting - Pitching for Lake County Captains : RHP Alex Mora
Batting: RHB Evan Fry 0-0: SINGLE (Groundball, 34D, EV 109.4 MPH)
Batting: RHB Kieron Clark 0-0: Ball
1-0: Ball
2-0: Fielders Choice at 2nd, 6-4 (Groundball, 6, EV 105.0 MPH)
Batting: RHB Yoshitoshi Mori 0-0: Swinging Strike
Pickoff Throw to First - Out! 1-3
0-1: Ball
1-1: Foul Ball, location: 2F
1-2: Ball
2-2: Ball
3-2: Ground out 4-3 (Groundball, 4, EV 89.4 MPH)
Top of the 6th over - 0 runs, 1 hit, 0 errors, 0 left on base; Quad Cities 3 - Lake County 5
BOTTOM OF THE 6TH
Lake County Captains batting - Pitching for Quad Cities River Bandits : RHP Devin Spears
Batting: RHB Chris Fitzgerald 0-0: Ball
1-0: Ball
2-0: SINGLE (Groundball, 6D, EV 96.2 MPH)
Batting: RHB John Shaffer 0-0: Ball
1-0: 2-RUN HOME RUN (Flyball, 7LD, EV 93.8 MPH), Distance : 360 ft
Pitching: RHP Robin Yelland
Batting: RHB Carlos Salazar 0-0: Called Strike
0-1: Ball
1-1: Ball
2-1: Ground out 5-3 (Groundball, 5, EV 81.9 MPH)
Batting: RHB Chris Diaz 0-0: Ball
1-0: Foul Ball, location: 2F
1-1: Ball
2-1: Foul Ball, location: 2F
2-2: SINGLE (Groundball, 5S, EV 72.5 MPH) (infield hit)
Batting: LHB Kazuyoshi Nakamura 0-0: Ball
1-0: Ball
2-0: SINGLE (Groundball, 34S, EV 74.4 MPH) (infield hit)
Chris Diaz to second
Batting: SHB Jarrod Lindblad 0-0: Foul Ball, location: 2F
0-1: Foul Ball, location: 2F
0-2: Foul Ball, location: 2F
0-2: Foul Ball, location: 2F
0-2: Ball
1-2: Foul Ball, location: 2F
1-2: Ball
2-2: DOUBLE (Line Drive, 89XD, EV 104.4 MPH)
Chris Diaz scores
Kazuyoshi Nakamura to third
Pitching: RHP James Browning
Batting: RHB Ernest Olkowicz 0-0: Ball
1-0: Called Strike
1-1: Ball
2-1: Foul Ball, location: 2F
2-2: Ball
3-2: Fly out, F9 (Flyball, 89S, EV 86.9 MPH)
Batting: LHB John Shults 0-0: Called Strike
0-1: Foul Ball, location: 2F
0-2: 3-RUN HOME RUN (Flyball, 89XD, EV 100.0 MPH), Distance : 397 ft
Batting: RHB Joeri Plas 0-0: SOLO HOME RUN (Flyball, 7LD, EV 95.0 MPH), Distance : 367 ft
Batting: RHB Chris Fitzgerald 0-0: Ball
1-0: Fly out, F7 (Flyball, 7D, EV 94.4 MPH)
Bottom of the 6th over - 7 runs, 7 hits, 0 errors, 0 left on base; Quad Cities 3 - Lake County 12
TOP OF THE 7TH
Quad Cities River Bandits batting - Pitching for Lake County Captains : RHP Alex Mora
Batting: RHB John Moore 0-0: Ball
1-0: Foul Ball, location: 2F
1-1: Swinging Strike
1-2: Foul Ball, location: 2F
1-2: Strikes out swinging
Batting: LHB Bruce Arvizu 0-0: Called Strike
0-1: Ball
1-1: Fly out, F8 (Flyball, 8LM, EV 85.0 MPH)
Batting: LHB Daigo Ishii 0-0: Ball
1-0: Ball
2-0: Foul Ball, location: 2F
2-1: Called Strike
2-2: Strikes out swinging, 2-3 out at first.
Top of the 7th over - 0 runs, 0 hits, 0 errors, 0 left on base; Quad Cities 3 - Lake County 12
BOTTOM OF THE 7TH
Lake County Captains batting - Pitching for Quad Cities River Bandits : RHP James Browning
Batting: RHB John Shaffer 0-0: Ball
1-0: Foul Ball, location: 2F
1-1: Ball
2-1: Ground out 4-3 (Groundball, 34, EV 103.1 MPH)
Batting: RHB Carlos Salazar 0-0: Ball
1-0: Ball
2-0: Swinging Strike
2-1: Foul Ball, location: 2F
2-2: Foul Ball, location: 2F
2-2: Strikes out swinging
Pitching: RHP Malachi Shelton
Batting: RHB Chris Diaz 0-0: Ball
1-0: Swinging Strike
1-1: Swinging Strike
1-2: Ball
2-2: Foul Ball, location: 2F
2-2: Strikes out swinging
Bottom of the 7th over - 0 runs, 0 hits, 0 errors, 0 left on base; Quad Cities 3 - Lake County 12
TOP OF THE 8TH
Quad Cities River Bandits batting - Pitching for Lake County Captains : RHP Alex Mora
Pitching: LHP Juan Medrano
Batting: RHB Edgar Trejo 0-0: Called Strike
0-1: Fly out, F7 (Flyball, 7, EV 79.4 MPH)
Pitching: LHP Aaron Manees
Batting: LHB Bob Dietz 0-0: Ground out 5-3 (Groundball, 5S, EV 72.5 MPH)
Batting: RHB Steve Moore 0-0: Ground out 6-3 (Groundball, 6S, EV 82.5 MPH)
Top of the 8th over - 0 runs, 0 hits, 0 errors, 0 left on base; Quad Cities 3 - Lake County 12
BOTTOM OF THE 8TH
Lake County Captains batting - Pitching for Quad Cities River Bandits : RHP Malachi Shelton
Pinch Hitting: LHB Billy Schultz 0-0: Ball
1-0: Called Strike
1-1: Fly out, F9 (Flyball, 9, EV 84.4 MPH)
Pinch Hitting: RHB Alex Vasquez 0-0: Ground out 4-3 (Groundball, 4MS, EV 72.5 MPH)
Batting: RHB Ernest Olkowicz 0-0: Ball
1-0: Fly out, F3 (Popup, 23F, EV 84.4 MPH)
Bottom of the 8th over - 0 runs, 0 hits, 0 errors, 0 left on base; Quad Cities 3 - Lake County 12
TOP OF THE 9TH
Quad Cities River Bandits batting - Pitching for Lake County Captains : LHP Aaron Manees
Now at 1B: Alex Vasquez
Now at 3B: John Shaffer
Now at SS: Chris Diaz
Now in LF: Billy Schultz
Batting: RHB Evan Fry 0-0: Called Strike
0-1: Called Strike
0-2: Ball
1-2: Strikes out swinging
Batting: RHB Kieron Clark 0-0: Ball
1-0: Fly out, F9 (Flyball, 9, EV 93.1 MPH)
Batting: RHB Yoshitoshi Mori 0-0: Ball
1-0: Foul Ball, location: 2F
1-1: Called Strike
1-2: Ball
2-2: Foul Ball, location: 2F
2-2: Ground out 6-3 (Groundball, 6, EV 91.9 MPH)
Top of the 9th over - 0 runs, 0 hits, 0 errors, 0 left on base; Quad Cities 3 - Lake County 12
Thursday, December 15th , 2022 - OOTP Baseball 23.9 Build 102